 Dungeon Crawl Stone Soup version 0.30-b1-2-g02819fbbbe (webtiles) character file.

Game seed: 4962763392888376499

28 sanka the Charlatan (level 3, 0/20 HPs)
             Began as a Deep Elf Artificer on May 11, 2023.
             Succumbed to an adder's poison
             ... on level 2 of the Dungeon.
             The game lasted 00:01:44 (1028 turns).

sanka the Charlatan (Deep Elf Artificer)            Turns: 1028, Time: 00:01:45

Health: 0/20       AC:  4    Str:  9    XL:     3   Next: 0%
Magic:  5/5        EV: 12    Int: 17    God:
Gold:   20         SH:  0    Dex: 15    Spells: 2/2 levels left

rFire   . . .        g - +0 mace
rCold   . . .        (no shield)
rNeg    . . .        b - +0 leather armour
rPois   .            (no helmet)
rElec   .            (no cloak)
rCorr   .            (no gloves)
SInv    .            o - +0 pair of boots
Will    .....        (no amulet)
Stlth   ++           (no ring)
HPRegen 0.23/turn    (no ring)
MPRegen 0.09/turn

%: no passive effects
@: lethally poisoned (0 -> -3)
A: no striking features
a: no special abilities


You were on level 2 of the Dungeon.
You visited 1 branch of the dungeon, and saw 2 of its levels.

You collected 20 gold pieces.

Inventory:

Hand Weapons
 a - a +0 club
 g - a +0 mace (weapon)
Armour
 b - a +0 leather armour (worn)
 o - a +0 pair of boots (worn)
 p - a +0 robe
Wands
 c - a wand of flame (10) (quivered)
 d - a wand of charming (15)
 e - a wand of iceblast (5)
Scrolls
 h - 2 scrolls of identify {unknown}
 k - 2 scrolls of magic mapping {unknown}
 l - a scroll of immolation {unknown}
 m - 2 scrolls of teleportation {unknown}
 n - a scroll of blinking {unknown}
 q - a scroll of brand weapon {unknown}
Potions
 i - a potion of attraction {unknown}
 j - a potion of berserk rage {unknown}


   Skills:
 + Level 1.2 Fighting
 - Level 1.1 Armour
 + Level 3.0 Dodging
 - Level 2.0 Stealth
 + Level 3.6 Evocations


You had 2 spell levels left.
You didn't know any spells.
Your spell library contained the following spells:

 Spells                   Type           Power      Damage    Failure   Level
 Gell's Gravitas          Tloc           0%         N/A       67%         3
 Teleport Other           Tloc           0%         N/A       67%         3
 Dispersal                Tloc           0%         N/A       100%        6


Dungeon Overview and Level Annotations

Branches:
Dungeon (2/15)

Altars:


Message History

The adder is moderately wounded.
You feel sick. The adder misses you. The adder bites you.
You are lethally poisoned!
The adder poisons you!
You are too injured to fight recklessly!
You are too injured to fight recklessly!
Unknown command.
Aiming: Throw Flame
Press: ? - help, Shift-Dir - straight line, f - adder
Aim: an adder (moderately wounded, 53% to hit)
The puff of flame hits the adder.
The adder is severely wounded.
You feel very sick. The adder closely misses you.
Aiming: Throw Flame
Press: ? - help, Shift-Dir - straight line, f/p - adder
Aim: an adder (severely wounded, 53% to hit)
The puff of flame hits the adder.
You kill the adder!
* * * LOW HITPOINT WARNING * * *
You feel sick.
Training target 2.0 for Stealth reached!
Your Dodging skill increases to level 3!
Your Stealth skill increases to level 2!
You have reached level 3!
Your experience leads to an increase in your attributes!
Increase (S)trength, (I)ntelligence, or (D)exterity?
You feel clever. x2
Unknown command.
Unknown command.
There is a lethal amount of poison in your body!
Unknown command.
* * * LOW HITPOINT WARNING * * *
You feel sick.
Unknown command.
* * * LOW HITPOINT WARNING * * *
You feel sick.
Unknown command.
It was a potion of cancellation.
You feel magically purged.
You die...

# ## ## .###.. ## #.#
#..#.# ### ..
#.#.....#?.. ...
.###.#)#..#.# #..#.
#.#....#....# . .....
#...#..#..##....
..#..##...#)..@.......
........#.#.....#####.
...#....#.......#
................#
.###...##......#
#.####..##......#
#...........###...
#####..####.# ###.
#.<####.#


There were no monsters in sight!

Vanquished Creatures
  An adder (D:2)
  A dart slug (D:1)
  3 bats (D:1)
  An endoplasm (D:1)
  A goblin (D:2)
  4 hobgoblins
  A kobold (D:1)
  2 ball pythons (D:1)
  A frilled lizard (D:1)
  3 rats
18 creatures vanquished.

Notes
Turn   | Place    | Note
-------+----------+-------------------------------------------
     0 | D:1      | sanka the Deep Elf Artificer began the quest for the Orb.
     0 | D:1      | Reached XP level 1. HP: 11/11 MP: 3/3
   112 | D:1      | Reached skill level 1 in Fighting
   112 | D:1      | Reached skill level 1 in Armour
   129 | D:1      | Reached XP level 2. HP: 9/16 MP: 4/4
  1026 | D:2      | Reached XP level 3. HP: 4/20 MP: 5/5
  1027 | D:2      | HP: 1/20 [poisoned by an adder]
  1028 | D:2      | Succumbed to an adder's poison

Illustrated notes

Levels and vault maps discovered:
D:1:      dpeg_chamrin_arrival_tetris, layout_basic
D:2:      layout_loops_cross, shapermc_ecumenical_altar_petra, serial_shops,
          shop, minmay_misc_feat_secret_circle, minmay_misc_feat_columns

Skill      XL: |  1  2 |
---------------+-------+-----
Fighting       | 1 |  1.2
Armour         | 1 |  1.1
Dodging        | 3 |  3.0
Stealth        | 2 |  2.0
Evocations     | |  3.6

Action                     || total
---------------------------++-------
  Melee: Mace              ||    36
         Club              ||     5
  Evoke: Wand              ||     5
    Use: Potion            ||     1
   Stab: Sleeping          ||     2
 Armour: Leather armour    ||    12
  Dodge: Dodged            ||    33
